 Dungeon Crawl Stone Soup version 0.31.0-12-g77e489cdc1 (webtiles) character file.

Game seed: 10576082233654780571

3523 hawla the Protected (level 9, -10/79 HPs)
             Began as a Minotaur Fighter on Feb 17, 2024.
             Succumbed to a wolf spider's poison
             ... on level 8 of the Dungeon.
             The game lasted 00:13:07 (6479 turns).

hawla the Protected (Minotaur Fighter)              Turns: 6479, Time: 00:13:07

Health: -10/79     AC: 18    Str: 25    XL:     9   Next: 81%
Magic:  7/7        EV: 10    Int:  5    God:
Gold:   344        SH: 10    Dex: 10    Spells: 8/8 levels left

rFire   . . .        a - +2 war axe
rCold   . . .        c - +0 buckler
rNeg    . . .        h - +0 chain mail
rPois   .            (helmet restricted)
rElec   .            n - +0 cloak
rCorr   +            b - +1 pair of gloves
SInv    .            d - +0 pair of boots
Will    .....        m - amulet of reflection Stlth
                     l - ring of resist corrosion
HPRegen 0.33/turn    (no ring)
MPRegen 0.10/turn

%: reflection
@: lethally poisoned (-10 -> -79), silenced
A: horns 2, retaliatory headbutt, low MP 1
a: no special abilities


You were on level 8 of the Dungeon.
You visited 2 branches of the dungeon, and saw 9 of its levels.
You also visited: Ossuary.

You collected 500 gold pieces.
You spent 156 gold pieces at shops.

Inventory:

Hand Weapons
 a - a +2 war axe (weapon)
Missiles
 w - an atropa-tipped dart (quivered)
 x - a throwing net
 C - 7 poisoned darts
Armour
 b - a +1 pair of gloves (worn)
 c - a +0 buckler (worn)
 d - a +0 pair of boots (worn)
 h - a +0 chain mail (worn)
 n - a +0 cloak (worn)
Jewellery
 l - a ring of resist corrosion (left hand)
 m - an amulet of reflection (around neck)
Wands
 p - a wand of iceblast (3)
 t - a wand of charming (5)
 B - a wand of acid (9)
Scrolls
 e - 2 scrolls of silence
 s - a scroll of fog
 u - a scroll of vulnerability
 v - a scroll of revelation
 A - a scroll of enchant armour
Potions
 f - 2 potions of brilliance
 g - a potion of invisibility
 i - a potion of heal wounds
 j - 3 potions of cancellation
 k - a potion of resistance
 q - a potion of might
 r - 3 potions of enlightenment {unknown}
 z - a potion of haste {unknown}


   Skills:
 - Level 7.0 Fighting
 - Level 2.4 Axes
 - Level 14.0 Armour
 - Level 6.0 Dodging
 - Level 5.0 Shields
 + Level 1.0 Evocations


You had 8 spell levels left.
You didn't know any spells.
Your spell library was empty.

Dungeon Overview and Level Annotations

Branches:
Dungeon (8/15)             Temple (1/1) D:7         Ossuary (visited)
   Lair: D:8-11

Altars:
Ashenzari
Cheibriados
Elyvilon
Fedhas
Gozag
Hepliaklqana
Kikubaaqudgha
Makhleb
Qazlal
Ru
Sif Muna
Uskayaw
Wu Jian
Xom
Zin
The Shining One

Shops:
D:1 (   D:6 *:=   D:7 :


Innate Abilities, Weirdness & Mutations

You have a pair of horns on your head.
You reflexively headbutt those who attack you in melee.
Your magical capacity is low. (-10% MP)


Message History

You feel much better.
You feel very sick. Something hits you but does no damage.
You block the wolf spider's attack. The wolf spider bites you.
You are lethally poisoned!
The wolf spider poisons you!
You feel better.
The wolf spider hits you but does no damage.
The wolf spider bites you but does no damage.
You block something's attack. The wolf spider completely misses you.
You block the wolf spider's attack.
As you read the scroll of silence, it crumbles to dust.
A profound silence engulfs you. You block something's attack.
The wolf spider barely misses you.
The wolf spider bites you but does no damage.
Unknown command.
Unknown command.
You slash the wolf spider!
The wolf spider is heavily wounded.
You completely miss something. You block the wolf spider's attack.
The wolf spider bites you.
You are lethally poisoned!
The wolf spider poisons you! Something hits you but does no damage.
The wolf spider hits you but does no damage.
The wolf spider misses you. You block something's attack.
You slash the wolf spider!
The wolf spider is heavily wounded.
You hit something.
* * * LOW HITPOINT WARNING * * *
You feel extremely sick.
The wolf spider hits you but does no damage.
You block the wolf spider's attack. x2; The wolf spider bites you.
* * * LOW HITPOINT WARNING * * *
You are more poisoned.
The wolf spider poisons you! Something hits you.
* * * LOW HITPOINT WARNING * * *
You barely miss the wolf spider. Your headbutt misses the wolf spider.
The wolf spider is heavily wounded.
You miss something.
You die...

####.#########
....§Js@§§...#
.###.o{###..##
.....§# #...#
....(. #...#
..... #...#
..### #...# #
##... #...
##..#


You could see a wolf spider, a jelly and an orc priest.

Vanquished Creatures
  Pikel (D:5)
  Jeremiah (D:7)
  Grinder (D:6)
  Prince Ribbit (D:7)
  A wyvern (D:7)
  The ghost of jagang the Insei, an amateur DgSh (D:5)
  2 ice beasts
  3 lemures (D:5)
  A centaur (D:7)
  A kobold brigand (D:8)
  3 elf zombies (Ossuary)
  3 scorpions
  4 wights (D:7)
  3 howler monkeys
  A crimson imp (D:6)
  A human zombie (Ossuary)
  3 hounds
  2 jellies
  2 orc priests
  A bombardier beetle (D:5)
  3 sleepcaps
  A gnoll bouda (D:5)
  4 iguanas
  4 orc wizards
  5 mummies
  16 gnolls
  10 adders
  3 shadow imps
  2 white imps (D:5)
  8 ufetubi
  3 adder zombies (Ossuary)
  6 dart slugs
  2 ribbon worms (D:2)
  6 orcs
  4 ball pythons
  2 bats (D:1)
  5 endoplasms
  3 giant cockroaches
  7 goblins
  2 hobgoblins (D:1)
  2 jackals (D:4)
  7 kobolds
  4 quokkas
  2 frilled lizards (D:2)
  3 goblin zombies
  2 hobgoblin zombies (Ossuary)
  An orc zombie (Ossuary)
  3 rats
  A rat zombie (Ossuary)
157 creatures vanquished.

Notes
Turn   | Place    | Note
-------+----------+-------------------------------------------
     0 | D:1      | hawla the Minotaur Fighter began the quest for the Orb.
     0 | D:1      | Reached XP level 1. HP: 19/19 MP: 0/0
    46 | D:1      | Reached XP level 2. HP: 14/26 MP: 1/1
   191 | D:1      | Found a faded altar of an unknown god.
   293 | D:1      | Reached skill level 5 in Shields
   332 | D:1      | Found Nyjec's Weapon Shop.
   839 | D:2      | Reached XP level 3. HP: 24/31 MP: 2/2
   842 | D:2      | Reached skill level 1 in Dodging
  1317 | D:2      | Reached XP level 4. HP: 39/39 MP: 3/3
  1663 | D:3      | Identified the +10 rapier of the Lamprey {flame, Str+6
                  | Dex-2 Stlth-}
  2082 | D:3      | Found a glowing silver altar of Zin.
  2327 | D:4      | Reached XP level 5. HP: 21/45 MP: 4/4
  2537 | D:4      | Reached skill level 5 in Dodging
  2712 | D:4      | Reached XP level 6. HP: 51/51 MP: 5/5
  2879 | D:5      | Entered Level 5 of the Dungeon
  2896 | D:5      | Reached skill level 5 in Fighting
  2998 | D:5      | Reached XP level 7. HP: 62/62 MP: 6/6
  3257 | D:5      | Noticed Pikel
  3274 | D:5      | HP: 2/64 [Pikel/+1 whip of flaming (6)]
  3275 | D:5      | Killed Pikel
  3276 | D:5      | Reached skill level 7 in Armour
  3276 | D:5      | Reached XP level 8. HP: 1/73 MP: 7/7
  3551 | D:5      | Noticed jagang's ghost (amateur DgSh)
  3555 | D:5      | Found a runed translucent door.
  3900 | D:5      | Reached skill level 8 in Armour
  4110 | D:5      | Killed jagang's ghost
  4254 | D:6      | Found Vaibb's Book Shop.
  4380 | D:6      | Found a sand-covered staircase.
  4387 | Ossuary  | Entered an ossuary
  4396 | Ossuary  | Reached skill level 9 in Armour
  4419 | Ossuary  | Reached skill level 10 in Armour
  4716 | D:6      | Noticed Grinder
  4732 | D:6      | Paralysed by Grinder for 5 turns
  4787 | D:6      | Killed Grinder
  4788 | D:6      | Reached skill level 11 in Armour
  4788 | D:6      | Reached XP level 9. HP: 51/79 MP: 8/8
  5065 | D:6      | Found Fyobocso's Jewellery Boutique.
  5229 | D:6      | Found a burning altar of Makhleb.
  5230 | D:6      | Found a shimmering altar of Xom.
  5305 | D:6      | Found Jeiwos Nemp's Assorted Antiques.
  5317 | D:6      | Bought a scroll of identify for 64 gold pieces
  5317 | D:6      | Bought a sedimented pink potion for 28 gold pieces
  5317 | D:6      | Bought a scroll of identify for 64 gold pieces
  5329 | D:6      | Gained mutation: You are vulnerable to cold. (rC-) [potion
                  | of mutation]
  5329 | D:6      | Gained mutation: You are somewhat resistant to further
                  | mutation. [potion of mutation]
  5330 | D:6      | Lost mutation: You are vulnerable to cold. (rC-) [potion of
                  | mutation]
  5330 | D:6      | Lost mutation: You are somewhat resistant to further
                  | mutation. [potion of mutation]
  5330 | D:6      | Gained mutation: Your magical capacity is low. (-10% MP)
                  | [potion of mutation]
  5484 | D:6      | Found an ancient bone altar of Kikubaaqudgha.
  5616 | D:7      | Reached skill level 12 in Armour
  5676 | D:7      | Found a staircase to the Ecumenical Temple.
  5683 | D:7      | Noticed Jeremiah
  5690 | Temple   | Entered the Ecumenical Temple
  5705 | D:7      | Killed Jeremiah
  5747 | D:7      | Found an ornate altar of the Wu Jian Council.
  5852 | D:7      | Found a sacrificial altar of Ru.
  5864 | D:7      | Reached skill level 13 in Armour
  6102 | D:7      | Noticed Prince Ribbit
  6107 | D:7      | Killed Prince Ribbit
  6192 | D:7      | Found Paciose's Book Shop.
  6394 | D:8      | Reached skill level 14 in Armour
  6394 | D:8      | Reached skill level 1 in Evocations
  6457 | D:8      | Paralysed by a hornet for 1 turns
  6466 | D:8      | Noticed a wolf spider
  6479 | D:8      | Succumbed to a wolf spider's poison

Illustrated notes

Levels and vault maps discovered:
D:1:      nicolae_arrival_memento_mori, layout_loops_ring, serial_shops,
          nicolae_diamond_shop, chequers_ecumenical_altar_simple_redux,
          wad_floor_pattern_untrapped
D:2:      layout_basic
D:3:      layout_basic, zin_statuary
D:4:      layout_rooms
D:5:      layout_loops_ring, hellmonk_ghost_happy_afterlife, uniq_pikel
D:6:      layout_basic, grunt_temple_overflow_champion_of_chaos,
          lemuel_tele_altar, serial_shops, nicolae_shop_tiny_real_fake_doors,
          nicolae_shop_gibbet_a_chance, shop, nicolae_ossuary_entry_giza,
          nrook_loot_triangle, uniq_grinder
D:7:      layout_loops_ring, overflow_temple_1_default,
          nzn_wu_jian_contemplation, minmay_temple_entry_crystal_x,
          serial_shops, kennysheep_mini, hangedman_abyss_or_decor_passed,
          uniq_jeremiah, uniq_prince_ribbit1
D:8:      nzn_winding_woodlands_cross [nzn_winding_woodlands_5x15_twine,
          nzn_winding_woodlands_5x15_crooked, nzn_winding_woodlands_5x15_zeroes,
          nzn_winding_woodlands_5x15_pool, nzn_winding_woodlands_15x15_eel_pit],
          layout_layer_cave, mainiacjoe_overflow_surrounded_room
Temple:   hellmonk_temple_beads

Skill      XL: |  1  2  3  4  5  6  7  8  9 |
---------------+----------------------------+-----
Shields        | 4 5 |  5.0
Dodging        | 2 4 5 6 |  6.0
Fighting       | 5 7 |  7.0
Armour         | 7 11 14 | 14.0
Evocations     | 1 |  1.0
Axes           | |  2.4

Action                     |  1- 3 |  4- 6 |  7- 9 || total
---------------------------+-------+-------+-------++-------
  Melee: War axe           |    87 |   101 |   246 ||   434
         Headbutt          |    14 |    19 |    47 ||    80
  Throw: Dart              |       |       |     1 ||     1
  Evoke: Wand              |       |       |     5 ||     5
    Use: Scroll            |     2 |     5 |    16 ||    23
         Potion            |       |       |    10 ||    10
 Armour: Scale mail        |    15 |       |       ||    15
         Chain mail        |    50 |    84 |   266 ||   400
  Dodge: Dodged            |    35 |    55 |   141 ||   231
  Block: Buckler           |    19 |    36 |   159 ||   214
         Reflection        |       |       |     3 ||     3
